cohdb
Replays
Latest Replays
All Replays
Popular Replays
Top Player Replays
Match Explorer
How It Works
Community
CoH3 Stats
Reddit
Sign in to upload your games and track your stats! →
Sign in with Steam
Match 45100570
Unlisted
Match 45100570
Overview
Messages
Build Orders
End
Kradschützen Motorcycle Team
Panzergrenadier Squad
Selects Panzerjäger Kommand Battlegroup
Selects Mine Fields
Selects Mine Fields
Panzergrenadier Squad
Construct Light Support Kompanie
Panzerjäger Squad
Selects Tank Busters
Construct Mechanized Kompanie
Panzerjäger Mechanized Group
8 Rad Armored Car
Selects Defensive Positions
Selects Butterfly Bomb Drop
Butterfly Bomb Drop
Marder III Tank Destroyer
Assault Mechanized Group
Selects Crew Shock Tactics
Construct Panzerarmee Kommand
Marder III Tank Destroyer
Assault Grenadier Squad
MG34 Team
MG34 Team
Butterfly Bomb Drop
Assault Mechanized Group
254 Reconnaissance Tractor
Assault Grenadier Squad
Fire Support Elements
Butterfly Bomb Drop
Assault Mechanized Group
Selects Elefant Tank Destroyer
Butterfly Bomb Drop
Flakvierling Half-track
Blood-pact
Opperdoezer
SoF Ya Nos
S🅱️inalla 🅿️itBox
0
0
Comments
sign in to comment!
No comments posted yet!